 Dungeon Crawl Stone Soup version 0.27-a0-988-g25969acef8 (webtiles) character file.

Game seed: 16901407521094011141

5 jestyr24 the Magician (level 1, 18/18 HPs)
             Began as a Djinni Warper on Apr 16, 2021.
             Was a Follower of Uskayaw.
             Quit the game on level 1 of the Dungeon.
             The game lasted 00:03:11 (281 turns).

jestyr24 the Magician (Djinni Warper)                Turns: 281, Time: 00:03:12

Health: 18/18      AC:  3    Str: 10    XL:     1   Next: 80%
Gold:   27         EV: 11    Int: 14    God:    Uskayaw [*.....] SH:  0 Dex: 12

rFire    + + .     SeeInvis .   a - +0 falchion
rCold    x . .     Faith    .   (no shield)
rNeg     . . .     Spirit   .   b - +0 leather armour
rPois    ∞         Reflect  .   (no helmet)
rElec    .         Harm     .   (no cloak)
rCorr    .         Rampage  .   (no gloves)
Will     .....                  (boots unavailable)
Stlth    +.........             (no amulet)
HPRegen  0.06/turn              (no ring)
MPRegen  0.00/turn              (no ring)

@: flying
A: fire resistance 2, cold vulnerability 1, float, innate caster, hp casting,
extra vitality 1
a: Renounce Religion, Stomp


You were on level 1 of the Dungeon.
You worshipped Uskayaw.
Uskayaw was noncommittal.
You visited 1 branch of the dungeon, and saw 1 of its levels.

You collected 27 gold pieces.

Inventory:

Hand Weapons
 a - a +0 falchion (weapon)
Missiles
 e - 5 boomerangs of dispersal (quivered)
Armour
 b - a +0 leather armour (worn)
Scrolls
 c - a scroll of identify {unknown}
 d - a scroll of blinking


   Skills:
 - Level 2.1 Fighting
 - Level 1.9 Long Blades
 - Level 0.7 Throwing
 + Level 1.2 Armour
 + Level 2.1 Dodging
 + Level 2.7 Spellcasting


You couldn't memorise any spells.
You knew the following spells:

 Your Spells              Type           Power      Damage    Failure   Level
a - Blink                 Tloc           N/A        N/A       14%         2
b - Lesser Beckoning      Tloc           4%         N/A       28%         3
c - Gell's Gravitas       Tloc           4%         N/A       28%         3
d - Teleport Other        Tloc           9%         N/A       28%         3
e - Manifold Assault      Tloc           9%         N/A       95%         5
Your spell library was empty.

Dungeon Overview and Level Annotations

Branches:
Dungeon (1/15)

Altars:
Uskayaw


Innate Abilities, Weirdness & Mutations

You are immune to poison.
Your flesh is very heat resistant. (rF++)
You are vulnerable to cold. (rC-)
You float through the air rather than walking.
You learn spells naturally, not from books.
Your magical power is your life essence.
You have superior vitality. (+4 HP)


Message History

You barely miss the hobgoblin.
The hobgoblin hits you but does no damage.
You hit the hobgoblin.
You kill the hobgoblin!
You barely miss the quokka. The quokka barely misses you.
A hobgoblin comes into view.
The quokka completely misses you.
The hobgoblin moves out of view.
You closely miss the quokka. The quokka bites you.
You barely miss the quokka. The quokka closely misses you.
The quokka bites you but does no damage.
You slash the quokka!
You kill the quokka!
The goblin hits you but does no damage.
You can now pass through a line of other dancers.
You hit the goblin.
The goblin is heavily wounded.
The goblin hits you with a +0 dagger.
You hit the goblin.
The goblin is severely wounded.
The goblin hits you with a +0 dagger.
You closely miss the goblin.
The goblin is severely wounded.
The goblin hits you with a +0 dagger.
You slash the goblin!
You kill the goblin!
Uskayaw will force your foes to helplessly watch your dance.
Uskayaw prepares the audience for your solo!
The helpless hobgoblin fails to defend itself.
You hit the hobgoblin.
The hobgoblin is moderately wounded.
The hobgoblin is no longer paralysed.
The hobgoblin barely misses you.
You riposte.
You hit the hobgoblin.
You kill the hobgoblin!
You see here a +0 dagger.
You start resting.
You can no longer pass through a line of other dancers.
HP restored.
You need no library to learn spells.
Unknown command.
Are you sure you want to abandon this character and quit the game? (Confirm with "yes".)

...... ....
.... ... ..#
#.# #.# #)#
##@# ##..#
#..## #.##
.#.####.####
...........#
#..#.......##
#.##.#...##
#. #.#....##


There were no monsters in sight!

Vanquished Creatures
  A goblin (D:1)
  2 hobgoblins (D:1)
  A quokka (D:1)
4 creatures vanquished.

Notes
Turn   | Place    | Note
-------+----------+-------------------------------------------
     0 | D:1      | jestyr24 the Djinni Warper began the quest for the Orb.
     0 | D:1      | Reached XP level 1. HP: 18/18 MP: 0/0
    37 | D:1      | Found a faded altar of an unknown god.
    43 | D:1      | Became a worshipper of Uskayaw the Reveller
    43 | D:1      | Reached * piety under Uskayaw
    82 | D:1      | Reached ** piety under Uskayaw
    86 | D:1      | Reached *** piety under Uskayaw
   281 | D:1      | Quit the game

Illustrated notes

Levels and vault maps discovered:
D:1:      ncdulo_smallfort, layout_rooms, hellmonk_ecumenical_altar_crossroads,
          chequers_decorated_corner

Action                   || total
-------------------------++-------
Melee: Falchion          ||    14
 Stab: Paralysed         ||     1
Armor: Leather armour    ||     3
Dodge: Dodged            ||     5
       Rpst.: Falchion   ||     1

Table legend: (Time is in decaauts)
 A = Elapsed time spent in this place.
 B = Non-inter-level travel time spent in this place.
 C = Inter-level travel time spent in this place.
 D = Time resting spent in this place.
 E = Time spent auto-exploring this place.
 F = Levels seen in this place.
 G = Mean time per level.
                   A        B        C        D        E       F      G
               +--------+--------+--------+--------+--------+-----+--------+
         Total |    284 |    284 |      0 |    191 |     56 |   1 |  284.0 |
       Dungeon |    284 |    284 |      0 |    191 |     56 |   1 |  284.0 |
               +--------+--------+--------+--------+--------+-----+--------+

Top non-repeatable levels by time:
     D:1: 284 daAuts
